 Dungeon Crawl Stone Soup version 0.20.1-1-g8b1a95d (webtiles) character file.

36 ChromeMolly the Ducker (level 3, 0/26 HPs)
             Began as an Octopode Fighter on Sept 10, 2017.
             Was an Initiate of Okawaru.
             Slain by a frilled lizard (2 damage)
             ... on level 2 of the Dungeon.
             The game lasted 00:06:49 (993 turns).

ChromeMolly the Ducker (Octopode Fighter)            Turns: 993, Time: 00:06:50

Health: 0/26       AC:  3    Str: 15    XL:     3   Next: 37%
Magic:  3/3        EV: 12    Int: 10    God:    Okawaru [......]
Gold:   48         SH: 11    Dex: 12    Spells: 2/2 levels left

rFire    . . .     SeeInvis +   a - +0 war axe
rCold    . . .     Gourm    .   b - +3 shield
rNeg     . . .     Faith    .   (helmet restricted)
rPois    +         Spirit   .   (no amulet)
rElec    .         Reflect  .   (no ring)
rCorr    .         Harm     .   (no ring)
MR       .....                  (no ring)
Stlth    +++.......             (no ring)
Regen    0.1/turn               (no ring)
MPRegen  0.1/turn               (no ring)
                                (no ring)
                                (no ring)

@: lethally poisoned (0 -> -2)
A: almost no armour, stealthy swim, amphibious, 8 rings, constrict 8, molten
scales 1, camouflage 1, see invisible, poison resistance, gelatinous body 1
a: Renounce Religion


You were on level 2 of the Dungeon.
You worshipped Okawaru.
Okawaru was noncommittal.
You were not hungry.

You visited 1 branch of the dungeon, and saw 2 of its levels.

You collected 48 gold pieces.

Inventory:

Hand Weapons
 a - a +0 war axe (weapon)
 g - a +3 dagger of venom
 i - a +1 dagger of flaming
Missiles
 j - 12 stones (quivered)
Armour
 b - a +3 shield (worn)
Scrolls
 f - a scroll of random uselessness {unknown}
 l - a scroll of immolation {unknown}
Potions
 c - a potion of might
 h - a potion of haste {unknown}
 k - a potion of degeneration {unknown}
 n - 2 potions of brilliance
 o - a potion of curing {unknown}
Comestibles
 d - 3 bread rations


   Skills:
 + Level 3.2 Fighting
 + Level 0.4 Short Blades
 + Level 2.3 Axes
 + Level 0.2 Throwing
 + Level 3.3 Dodging
 * Level 1.1 Stealth
 + Level 3.3 Shields


You had 2 spell levels left.
You didn't know any spells.

Dungeon Overview and Level Annotations

Branches:
Dungeon (2/15)

Altars:
Ashenzari
Cheibriados
Elyvilon
Fedhas
Kikubaaqudgha
Okawaru
Trog
Uskayaw
Xom
Zin


Innate Abilities, Weirdness & Mutations

You cannot wear most types of armour.
You are very stealthy in the water. (Stealth+)
You are amphibious.
You can wear up to eight rings at the same time.
You can use your tentacles to constrict eight enemies at once.
Your skin changes colour to match your surroundings (Stealth+).
Your rubbery body absorbs attacks. (AC +1, EV +1)
You are partially covered in molten scales. (AC +2)
You have supernaturally acute eyesight. (SInv)
Your system is resistant to poisons. (rPois)


Message History

The frilled lizard hisses.
The frilled lizard bites you.
You miss the frilled lizard. Your grab misses the frilled lizard.
The frilled lizard closely misses you.
The frilled lizard completely misses you.
You miss the frilled lizard. Your grab misses the frilled lizard.
Your squeeze misses the frilled lizard. The frilled lizard bites you.
* * * LOW HITPOINT WARNING * * *
You miss the frilled lizard. Your grab misses the frilled lizard.
You feel sick. The frilled lizard barely misses you.
The frilled lizard bites you.
* * * LOW HITPOINT WARNING * * *
You miss the frilled lizard. Your grab misses the frilled lizard.
The frilled lizard bites you.
* * * LOW HITPOINT WARNING * * *
It was a potion of mutation.
You feel extremely strange.
Molten scales grow over part of your body.
You feel resistant to poisons.
Your vision sharpens.
The frilled lizard bites you.
You die...

#....# ......
##.......#.... ...<.[#
#(........#... .....##
#...%......... ......##
#.............
.........##.............
.....# #...(............
.....######......†......
..........>.....@)......
.................l......
........................
.....####...........#.$.
.....###..##.......## ##
.....#...####.....##
....................
......######.......<.
..##### ####.....


You could see a frilled lizard.

Vanquished Creatures
  An adder (D:2)
  8 bats
  A giant cockroach (D:1)
  5 goblins
  2 hobgoblins (D:2)
  A quokka (D:2)
  2 frilled lizards (D:2)
  4 kobolds
  3 rats
27 creatures vanquished.

Notes
Turn   | Place    | Note
-------+----------+-------------------------------------------
     0 | D:1      | ChromeMolly the Octopode Fighter began the quest for the Orb.
     0 | D:1      | Reached XP level 1. HP: 16/16 MP: 1/1
   245 | D:1      | Reached XP level 2. HP: 21/21 MP: 2/2
   904 | D:2      | Found an iron altar of Okawaru.
   906 | D:2      | Found a hide-covered altar of Uskayaw.
   909 | D:2      | Found a glowing silver altar of Zin.
   912 | D:2      | Became a worshipper of Warmaster Okawaru
   915 | D:2      | Found a shimmering altar of Xom.
   915 | D:2      | Found a blossoming altar of Fedhas.
   915 | D:2      | Found a snail-covered altar of Cheibriados.
   915 | D:2      | Found a bloodstained altar of Trog.
   916 | D:2      | Found a shattered altar of Ashenzari.
   920 | D:2      | Found an ancient bone altar of Kikubaaqudgha.
   921 | D:2      | Found a white marble altar of Elyvilon.
   981 | D:2      | Reached XP level 3. HP: 26/26 MP: 3/3
   984 | D:2      | Reached skill level 1 in Stealth
   993 | D:2      | Gained mutation: You are partially covered in molten scales. (AC +2) [potion of mutation]
   993 | D:2      | Gained mutation: Your system is resistant to poisons. (rPois) [potion of mutation]
   993 | D:2      | Gained mutation: You have supernaturally acute eyesight. (SInv) [potion of mutation]
   993 | D:2      | Slain by a frilled lizard

Skill      XL: |  1  2  3 |
---------------+----------+-----
Stealth        | 1 |  1.1
Fighting       | |  3.2
Short Blades   | |  0.4
Axes           | |  2.3
Throwing       | |  0.2
Dodging        | |  3.3
Shields        | |  3.3

Action                   || total
-------------------------++-------
Melee: Dagger            ||    29
       Short sword       ||     3
       Constrict         ||    10
       Tentacles         ||     6
       War axe           ||    12
Throw: Stone             ||    28
  Use: Scroll            ||     7
       Potion            ||     1
 Stab: Sleeping          ||     3
Armor: Skin              ||     6
Dodge: Dodged            ||    23
Block: Shield            ||    27
